 Dungeon Crawl Stone Soup version 0.31.0-9-g3a7656b989 (webtiles) character file.

Game seed: 2224226024387997736

1552 qw the Skirmisher (level 8, -1/46 HPs)
             Began as a Deep Elf Hunter on Feb 2, 2024.
             Was a Follower of Okawaru.
             Slain by a gnoll
             ... wielding a +2 halberd of venom
             ... led by a gnoll bouda
              (7 damage)
             ... on level 6 of the Dungeon.
             The game lasted 00:00:23 (4868 turns).

qw the Skirmisher (Deep Elf Hunter)                 Turns: 4868, Time: 00:00:24

Health: -1/46      AC:  5    Str: 10    XL:     8   Next: 57%
Magic:  12/13      EV: 12    Int: 15    God:    Okawaru [*.....]
Gold:   209        SH:  0    Dex: 18    Spells: 7/7 levels left

rFire   . . .        a - +2 shortbow
rCold   . . .        (shield currently unavailable)
rNeg    + . .        d - +0 ring mail
rPois   .            (no helmet)
rElec   .            (no cloak)
rCorr   .            (no gloves)
SInv    .            (no boots)
Will    .....        (no amulet)
Stlth   +            l - +4 ring of slaying {mikee}
HPRegen 0.27/turn    m - ring of positive energy
MPRegen 0.13/turn

%: no passive effects
@: lethally poisoned (-1 -> -12)
A: no striking features
a: Renounce Religion, Heroism


You were on level 6 of the Dungeon.
You worshipped Okawaru.
Okawaru was aware of your devotion.
You visited 2 branches of the dungeon, and saw 7 of its levels.

You collected 209 gold pieces.


   Skills:
 - Level 3.0 Fighting
 + Level 12.5 Ranged Weapons
 - Level 1.3 Armour
 - Level 4.3 Dodging
 - Level 1.2 Stealth
 - Level 4.0 Invocations


You had 7 spell levels left.
You didn't know any spells.
Your spell library was empty.

Inventory:

Hand Weapons
 a - a +2 shortbow (weapon)
Armour
 d - a +0 ring mail (worn)
 p - a +1 leather armour of cold resistance
Jewellery
 l - a +4 ring of slaying (left hand) {mikee}
 m - a ring of positive energy (right hand)
Wands
 g - a wand of iceblast (19)
 n - a wand of polymorph (7)
 o - a wand of digging (8)
Scrolls
 h - a scroll of teleportation
 q - 3 scrolls of identify
Potions
 b - a potion of resistance
 c - 2 potions of magic
 e - a potion of curing
 f - a potion of heal wounds
 i - a potion of attraction {unknown}
 j - 2 potions of haste
 k - a potion of cancellation

Dungeon Overview and Level Annotations

Branches:
Dungeon (6/15)             Temple (1/1) D:4

Altars:
Ashenzari
Cheibriados
Dithmenos
Elyvilon
Fedhas
Gozag
Hepliaklqana
Kikubaaqudgha
Makhleb
Nemelex Xobeh
Okawaru
Qazlal
Sif Muna
Trog
Uskayaw
Vehumet
Wu Jian
Xom
Yredelemnul
Zin
The Shining One

Shops:
D:1 [=   D:2 [   D:6 *

Annotations:
D:6 1 runed translucent door, qw's ghost, novice DgHu


Message History

The hound closely misses you.
You shoot an arrow. The arrow hits the hound!
The hound is heavily wounded.
The hound bites you but does no damage.
You shoot an arrow. The arrow hits the hound.
The hound is severely wounded.
The hound barely misses you. The gnoll closely misses you.
You shoot an arrow. The arrow hits the hound!
You kill the hound!
Okawaru accepts your kill. The gnoll misses you.
You shoot an arrow. The arrow hits the gnoll bouda.
The gnoll bouda is lightly wounded.
The gnoll closely misses you.
You shoot an arrow. The arrow hits the gnoll bouda.
The gnoll bouda is lightly wounded.
The gnoll hits you but does no damage.
You are poisoned.
The gnoll bouda closely misses you.
You shoot an arrow. The arrow hits the gnoll bouda!
The gnoll bouda is severely wounded.
You feel very sick.
The gnoll hits you from afar with a +2 halberd of venom!
The gnoll bouda closely misses you.
You shoot an arrow. The arrow hits the gnoll bouda!
You kill the gnoll bouda!
Okawaru accepts your kill.
You feel sick. The gnoll barely misses you.
Your Invocations skill increases to level 4!
You shoot an arrow. The arrow closely misses the gnoll.
You feel sick. The gnoll hits you with a +0 whip. The gnoll barely misses you.
You shoot an arrow. The arrow barely misses the gnoll.
You feel sick. The gnoll hits you with a +0 whip.
The gnoll hits you from afar with a +2 halberd of venom.
You are lethally poisoned!
You shoot an arrow. The arrow completely misses the gnoll.
You feel very sick. The gnoll hits you with a +0 whip.
The gnoll hits you from afar with a +2 halberd of venom!
You die...

#..........#
#..........#......(...#
..........#.......#...
.........#.......##..
....... #.......###.
).... ##########.. g..
#......... #g#
#.######## #@# #.# #.#
#.# #.# #.# #.# #.#
#.##### #.# #.....# #.#
#####.###.###
#...........#
#.###.###%#.#


You could see 2 gnolls.

Vanquished Creatures
  Sigmund (D:3)
  A water moccasin (D:6)
  2 black bears
  An ogre (D:5)
  4 phantoms
  A gnoll sergeant (D:3)
  A scorpion (D:5)
  An orc priest (D:5)
  2 gnoll boudas
  A hound (D:6)
  Jessica (D:2)
  Ijyb (D:3)
  2 iguanas (D:5)
  Natasha (thrice) (D:3)
  An orc wizard (D:4)
  9 gnolls
  3 adders
  4 ufetubi (D:6)
  5 dart slugs
  A ribbon worm (D:2)
  16 orcs
  6 endoplasms
  7 giant cockroaches
  5 hobgoblins
  11 jackals
  A quokka (D:1)
  3 ball pythons (D:1)
  5 bats
  2 frilled lizards
  9 goblins
  10 kobolds
  3 rats
  A spectral orc (D:5)
124 creatures vanquished.

Notes
Turn   | Place    | Note
-------+----------+-------------------------------------------
     0 | D:1      | qw the Deep Elf Hunter began the quest for the Orb.
     0 | D:1      | Reached XP level 1. HP: 12/12 MP: 3/3
     0 | D:1      | 0 ||| qw: Version: 0.3-a-155-g5e7d8dd
     0 | D:1      | 0 ||| qw: Game counter: 1609
     0 | D:1      | 0 ||| qw: Melee chars always use a shield: true
     0 | D:1      | 0 ||| qw: God list: Okawaru
     0 | D:1      | 0 ||| qw: Allow faded altars: false
     0 | D:1      | 0 ||| qw: Do Orc after clearing Dungeon:15 true
     0 | D:1      | 0 ||| qw: Do second Lair branch before Depths: true
     0 | D:1      | 0 ||| qw: Lair rune preference: random
     0 | D:1      | 0 ||| qw: Goals: Normal
     0 | D:1      | 0 ||| PLANNING D:1-11
    75 | D:1      | Found Upruam's Jewellery Shoppe.
    98 | D:1      | 98 ||| SHOPLISTING +4 ring of protection (396 gold, have
                  | 10).
    98 | D:1      | 98 ||| SHOPLISTING +6 ring of dexterity (396 gold, have
                  | 10).
    98 | D:1      | 98 ||| SHOPLISTING ring "Fishiasch" {rPois rF+ Int+3} (467
                  | gold, have 10).
    98 | D:1      | 98 ||| SHOPLISTING ring of Interdependent Arising {rPois
                  | rF- Int+6 Dex+4} (534 gold, have 10).
    98 | D:1      | 98 ||| SHOPLISTING ring of ice (275 gold, have 10).
    98 | D:1      | 98 ||| SHOPLISTING ring of see invisible (165 gold, have
                  | 10).
   165 | D:1      | Reached XP level 2. HP: 16/16 MP: 4/4
   168 | D:1      | Reached skill level 6 in Ranged Weapons
   278 | D:1      | Reached XP level 3. HP: 20/20 MP: 5/5
   464 | D:1      | Found Avuf's Antique Armour Emporium.
   473 | D:1      | 473 ||| SHOPLISTING dyed leather armour (135 gold, have
                  | 30).
   473 | D:1      | 473 ||| SHOPLISTING embroidered robe (99 gold, have 30).
   473 | D:1      | 473 ||| SHOPLISTING pair of boots (121 gold, have 30).
   811 | D:1      | 811 ||| UPGRADING to +0 ring mail.
   821 | D:1      | 821 ||| DROPPING +0 leather armour.
   822 | D:1      | 822 ||| UPGRADING to +4 ring of slaying {mikee}.
   823 | D:1      | 823 ||| READING scroll labelled MONUMOQ RIPLOINEE.
   824 | D:1      | 824 ||| READING 3 scrolls labelled GISTRA XYETS.
   824 | D:1      | 824 ||| IDENTIFYING sapphire potion
   825 | D:1      | 825 ||| READING 2 scrolls of identify.
   825 | D:1      | 825 ||| IDENTIFYING metallic pink potion
   826 | D:1      | 826 ||| READING scroll of identify.
   826 | D:1      | 826 ||| IDENTIFYING scroll labelled LYNWAU JYOTOC
   827 | D:1      | 827 ||| READING scroll labelled ALUNOIK TEOVU.
   830 | D:1      | 830 ||| READING scroll labelled PUKU XESYLEAMP.
   931 | D:1      | 931 ||| READING scroll labelled HETUGR UJUERA.
   932 | D:1      | 932 ||| DROPPING scroll of butterflies.
   933 | D:1      | 933 ||| DROPPING scroll of fog.
  1037 | D:2      | Reached skill level 7 in Ranged Weapons
  1056 | D:2      | Found Mimigg's Armour Shop.
  1064 | D:2      | 1064 ||| SHOPLISTING +0 cloak (63 gold, have 55).
  1064 | D:2      | 1064 ||| SHOPLISTING +0 pair of gloves (63 gold, have 55).
  1064 | D:2      | 1064 ||| SHOPLISTING +2 leather armour of fire resistance
                  | (266 gold, have 55).
  1367 | D:2      | Noticed Jessica
  1368 | D:2      | Killed Jessica
  1369 | D:2      | Reached XP level 4. HP: 25/25 MP: 6/6
  1682 | D:2      | 1682 ||| READING scroll labelled FUULIPSO JOSCH.
  1682 | D:2      | 1682 ||| ENCHANTING +0 shortbow.
  1683 | D:2      | 1683 ||| READING scroll labelled OFAIWO UNISH.
  1812 | D:3      | Noticed Ijyb
  1820 | D:3      | Killed Ijyb
  1821 | D:3      | Reached skill level 8 in Ranged Weapons
  1836 | D:3      | Noticed Sigmund
  1837 | D:3      | 1837 ||| DRINKING potion of haste.
  1843 | D:3      | Killed Sigmund
  1844 | D:3      | Reached skill level 9 in Ranged Weapons
  1844 | D:3      | Reached XP level 5. HP: 29/29 MP: 7/7
  1844 | D:3      | Reached XP level 6. HP: 34/34 MP: 8/8
  1867 | D:3      | Identified the orb "Goesmezy" {light, *Slow rPois Int+4}
  1978 | D:3      | Noticed Natasha
  1985 | D:3      | 1985 ||| DRINKING 2 potions of haste.
  1986 | D:3      | Killed Natasha
  2276 | D:3      | Noticed Natasha
  2283 | D:3      | Killed Natasha
  2284 | D:3      | Reached skill level 10 in Ranged Weapons
  2418 | D:3      | Noticed Natasha
  2421 | D:3      | Killed Natasha
  2499 | D:3      | Reached skill level 3 in Dodging
  2514 | D:3      | Found the +5 woodcutter's axe
  2522 | D:3      | HP: 8/36 [gnoll sergeant/+0 spear (13)]
  2523 | D:3      | 2523 ||| READING scroll of teleportation.
  2526 | D:3      | Reached XP level 7. HP: 10/40 MP: 9/9
  2712 | D:3      | 2712 ||| READING 2 scrolls of identify.
  2712 | D:3      | 2712 ||| IDENTIFYING smoky red potion
  2713 | D:3      | 2713 ||| READING scroll of identify.
  2713 | D:3      | 2713 ||| IDENTIFYING viscous golden potion
  2714 | D:3      | 2714 ||| READING scroll labelled ECEQUT ONTEMA.
  2715 | D:3      | 2715 ||| READING scroll labelled TUSOAJ POUPS.
  2716 | D:3      | 2716 ||| DRINKING 2 golden potions.
  2717 | D:3      | 2717 ||| DROPPING potion of lignification.
  2719 | D:3      | 2719 ||| Stepping ~*~*~tactically~*~*~ (cloud).
  2939 | D:4      | Found a staircase to the Ecumenical Temple.
  2940 | D:4      | 2940 ||| PLANNING TEMPLE
  2945 | Temple   | Entered the Ecumenical Temple
  2946 | Temple   | 2946 ||| PLANNING OKAWARU WORSHIP
  2996 | Temple   | Became a worshipper of Warmaster Okawaru
  2997 | Temple   | 2997 ||| PLANNING D:1-11
  3303 | D:4      | Reached skill level 11 in Ranged Weapons
  3557 | D:4      | 3557 ||| READING scroll of enchant weapon.
  3557 | D:4      | 3557 ||| ENCHANTING +1 shortbow.
  3594 | D:4      | 3594 ||| DROPPING scarf of harm.
  3595 | D:4      | 3595 ||| UPGRADING to ring of positive energy.
  3596 | D:4      | 3596 ||| READING 2 scrolls of identify.
  3596 | D:4      | 3596 ||| IDENTIFYING bubbling red potion
  3597 | D:4      | 3597 ||| READING scroll of identify.
  3597 | D:4      | 3597 ||| IDENTIFYING bubbling ruby potion
  3632 | D:5      | Entered Level 5 of the Dungeon
  3856 | D:5      | Found a glowing golden altar of the Shining One.
  3875 | D:5      | Reached skill level 12 in Ranged Weapons
  3888 | D:5      | Reached * piety under Okawaru
  3889 | D:5      | Reached XP level 8. HP: 38/45 MP: 10/10
  4000 | D:5      | Reached skill level 1 in Armour
  4000 | D:5      | Reached skill level 1 in Invocations
  4017 | D:5      | Found a hide-covered altar of Uskayaw.
  4086 | D:5      | Reached skill level 3 in Fighting
  4170 | D:5      | Found a hazy altar of Hepliaklqana.
  4268 | D:6      | Noticed qw's ghost (novice DgHu)
  4399 | D:6      | HP: 10/46 [gnoll/+0 flail[a gnoll sergeant] (4)]
  4400 | D:6      | 4400 ||| READING 2 scrolls of teleportation.
  4401 | D:6      | 4401 ||| DRINKING 2 potions of heal wounds.
  4526 | D:6      | Found a runed translucent door.
  4588 | D:6      | Found Qanest's CLEARANCE SALE!.
  4809 | D:6      | Reached skill level 3 in Invocations
  4868 | D:6      | HP: 10/46 [poisoned by a gnoll]
  4868 | D:6      | Slain by a gnoll

Levels and vault maps discovered:
D:1:      saegor_arrival_under_anarchy, layout_basic, serial_shops, shop,
          nicolae_lakefront_shop, minmay_worlds_worst_comb
D:2:      layout_basic, serial_shops, shop, uniq_jessica
D:3:      layout_basic, kennysheep_pointless_box, corexii_shack,
          serial_park_tiny_1, pf_guarded_unrand_woodcutter, uniq_ijyb,
          uniq_natasha, uniq_sigmund
D:4:      layout_basic, minmay_temple_entry_nine_rooms, kennysheep_potato
D:5:      layout_rooms, tso_metal_star, mainiacjoe_overflow_brackets,
          nicolae_hepliaklqana_monster_ancestors, grunt_ministairs_13,
          serial_library_hellmonk_reading_circle, chequers_arboretum,
          chequers_serial_rivers_room_a
D:6:      layout_basic, hellmonk_ghost_happy_afterlife, nicolae_shop_clearance
Temple:   dpeg_five_rooms_temple

Skill      XL: |  1  2  3  4  5  6  7  8 |
---------------+-------------------------+-----
Ranged Weapons | 6 7 9 10 12 | 12.5
Fighting       | 2 3 |  3.0
Dodging        | 3 4 |  4.3
Armour         | 1 |  1.3
Invocations    | 4 |  4.0
Stealth        | |  1.2

Action                     |  1- 3 |  4- 6 |  7- 9 || total
---------------------------+-------+-------+-------++-------
   Fire: Shortbow          |   119 |    93 |   175 ||   387
    Use: Scroll            |     7 |     3 |     8 ||    18
         Potion            |       |     2 |     2 ||     4
 Armour: Leather armour    |    14 |       |       ||    14
         Ring mail         |     6 |    22 |    38 ||    66
  Dodge: Dodged            |    13 |    22 |    38 ||    73

Table legend:
 A = Non-vault XP
 B = Vault XP
 C = Vault XP percentage of total XP
 D = Non-vault monster count
 E = Vault monster count
 F = Vault count percentage of total count
                 A         B        C        D         E       F
            +---------+---------+-------+---------+---------+-------
      Total |    1663 |     555 |  25.0 |     107 |      17 |  13.7
            +---------+---------+-------+---------+---------+-------
        D:1 |      48 |      10 |  17.2 |      27 |       5 |  15.6
        D:2 |      45 |      37 |  45.1 |      17 |       1 |   5.6
        D:3 |     243 |     415 |  63.1 |      17 |       7 |  29.2
        D:4 |     153 |       2 |   1.3 |      14 |       1 |   6.7
        D:5 |     623 |      91 |  12.7 |      12 |       3 |  20.0
        D:6 |     551 |       0 |   0.0 |      20 |       0 |   0.0
            +---------+---------+-------+---------+---------+-------
